 Dungeon Crawl Stone Soup version 0.29-a0-1023-g6ae1a4a2c7 (webtiles) character file.

Game seed: 17349114338524481042

5088 RBrandon the Nimble (level 10, -17/45 (54) HPs)
             Began as a Deep Elf Monk on Aug 12, 2022.
             Was a High Priest of Zin.
             Killed from afar by Nergalle (43 damage)
             ... with a bolt of negative energy
             ... on level 1 of the Lair of Beasts.
             The game lasted 00:31:10 (12183 turns).

RBrandon the Nimble (Deep Elf Monk)                Turns: 12183, Time: 00:31:10

HP:   -17/45 (54)   AC: 10    Str: 14    XL:     10   Next: 31%
MP:   25/26         EV: 15    Int: 16    God:    Zin [*****.]
Gold: 215           SH:  0    Dex: 25    Spells: 11/15 levels left

rFire   + . .      SeeInvis +   I - +11 dagger "Eloa" {vorpal, Fragile rF+ Str+6 SInv}
rCold   + + .      Faith    .   (no shield)
rNeg    . . .      Spirit   .   K - +2 scale mail of Vacaaz {rElec rC++ rCorr Dex+4}
rPois   .          Reflect  .   (no helmet)
rElec   +          Harm     .   (no cloak)
rCorr   +          Rampage  .   B - +0 pair of gloves
Will    +....                   (no boots)
Stlth   +++.......              (no amulet)
HPRegen 0.15/turn               z - +4 ring of slaying
MPRegen 0.20/turn               j - ring of magical power

@: on recite cooldown, heavily drained
A: no striking features
a: Renounce Religion, Recite, Vitalisation, Imprison, Sanctuary, Donate Gold


You were on level 1 of the Lair of Beasts.
You worshipped Zin.
Zin was extremely pleased with you.
You visited 2 branches of the dungeon, and saw 10 of its levels.
You also visited: Sewer.

You collected 466 gold pieces.
You spent 205 gold pieces at shops.
You donated 46 gold pieces to Zin.

Inventory:

Hand Weapons
 I - the +11 dagger "Eloa" (weapon) {vorpal, Fragile rF+ Str+6 SInv}
   (You found it on level 7 of the Dungeon)

   It inflicts extra damage upon your enemies.
   Str:       It affects your strength (+6).
   rF:        It protects you from fire.
   SInv:      It lets you see invisible.
   Fragile:   It will be destroyed if unequipped.
Missiles
 b - a throwing net
 h - 22 poisoned darts (quivered)
 y - 5 silver javelins
 A - 3 boomerangs of dispersal
Armour
 k - a +1 leather armour of willpower
   (You found it on level 2 of the Dungeon)
 u - +0 steam dragon scales
 B - a +0 pair of gloves (worn)
 K - the +2 scale mail of Vacaaz (worn) {rElec rC++ rCorr Dex+4}
   (You found it on level 7 of the Dungeon)

   Dex:       It affects your dexterity (+4).
   rC:        It greatly protects you from cold.
   rElec:     It insulates you from electricity.
   rCorr:     It protects you from acid and corrosion.
Jewellery
 j - a ring of magical power (right hand)
 z - a +4 ring of slaying (left hand)
 D - an amulet of faith
Wands
 c - a wand of quicksilver (12)
 v - a wand of iceblast (4)
 F - a wand of flame (26)
 G - a wand of charming (14)
Scrolls
 a - a scroll of poison {unknown}
 i - a scroll of silence {unknown}
 l - a scroll of enchant weapon {unknown}
 n - 3 scrolls of teleportation
 q - 3 scrolls of noise {unknown}
 r - a scroll of summoning {unknown}
 w - 3 scrolls of fear
 C - a scroll of vulnerability {unknown}
 E - a scroll of brand weapon {unknown}
 H - a scroll of magic mapping {unknown}
 J - 2 scrolls of enchant armour
 L - a scroll of butterflies {unknown}
Potions
 d - 3 potions of invisibility
 e - 5 potions of curing
 f - 2 potions of flight
 g - a potion of haste
 m - 2 potions of brilliance
 o - 2 potions of magic
 p - a potion of attraction
 s - 2 potions of might
 t - 2 potions of heal wounds
 x - a potion of resistance


   Skills:
 - Level 2.4 Fighting
 - Level 7.1 Short Blades
 - Level 4.1 Armour
 + Level 9.1 Dodging
 - Level 6.7 Stealth
 - Level 3.4 Spellcasting
 - Level 9.0 Hexes
 - Level 6.5 Invocations


You had 11 spell levels left.
You knew the following spells:

 Your Spells              Type           Power      Damage    Failure   Level
a - Slow                  Hex            100%       N/A       1%          1
b - Confusing Touch       Hex            31%        N/A       5%          3

Your spell library contained the following spells:

 Spells                   Type           Power      Damage    Failure   Level
 Ignite Poison            Fire/Tmut/Pois 2%         N/A       91%         3
 Mephitic Cloud           Conj/Pois/Air  2%         N/A       91%         3
 Stone Arrow              Conj/Erth      4%         3d7       91%         3
 Vampiric Draining        Necr           2%         2d6       91%         3
 Animate Armour           Summ/Erth      4%         N/A       100%        4
 Olgreb's Toxic Radiance  Pois           2%         N/A       100%        4
 Summon Lightning Spire   Summ/Air       2%         N/A       100%        4
 Lehudib's Crystal Spear  Conj/Erth      1%         10d2      100%        8


Dungeon Overview and Level Annotations

Branches:
Dungeon (9/15)             Temple (0/1) D:6            Lair (1/5) D:8
  Sewer (visited)
    Orc: D:9-12

Altars:
Gozag
Qazlal
Xom
Zin

Shops:
D:5 ?(   D:9 (

Annotations:
D:2 Crazy Yiuf, Sigmund
D:7 1 runed translucent door, exclusions: hound and steam dragon, Newt's ghost, novice KoAM
Lair:1 Nergalle


Message History

Press: ? - help, Dir - look around, f - activate You clear your throat and prepare to recite. "When the law of the land faltered, Zin rose..."
Nergalle is dazed by your recitation.
Nergalle shouts!
Casting: Slow (safe; 1% risk of failure)
Confirm with . or Enter, or press ? or * to list all spells.
Aiming: Slow (safe; 1% risk of failure)
Press: ? - help, Shift-Dir - straight line, f - Nergalle
Aim: Nergalle, wielding a +0 dagger, wearing a +2 robe of cold resistance and carrying a wand of digging (6) (dazed, chance to affect: 29%) Nergalle easily resists. "...from the silver throne, and the agents of filth were..."
Nergalle points at you and mumbles some strange words.
Orcish apparitions take form around you.
Casting: Slow (safe; 1% risk of failure)
Confirm with . or Enter, or press ? or * to list all spells.
Aiming: Slow (safe; 1% risk of failure)
Press: ? - help, Shift-Dir - straight line, f/p - Nergalle
Aim: Nergalle, wielding a +0 dagger, wearing a +2 robe of cold resistance and carrying a wand of digging (6) (dazed, chance to affect: 29%) Nergalle seems to slow down. "...censured.
And it was thus that the law was made good."
You finish reciting Ablutions 25:59.
Nergalle gestures at you while chanting.
The bolt of negative energy hits you!
You feel drained.
* * * LOW HITPOINT WARNING * * *
The spectral orc warrior unwields a +0 arbalest.
The spectral orc warrior hits you but does no damage.
You hear a zap.
You hear a grinding noise.
Okay, then.
Okay, then.
Unknown command.
Okay, then.
Okay, then.
Nergalle is no longer dazed.
Nergalle casts a spell at you.
The bolt of negative energy hits the spectral orc warrior.
The spectral orc warrior completely resists.
The bolt of negative energy hits you!!!
You feel drained.
Ouch! That really hurt!
You die...

#### #####
#########P.########.#P#
#......................
#...............#######
#..# #@####....####.PP#
##..###..###....##.....#
#...'.Z...##.>..##.....#
##...#o...##.....#.....#
#..#.....##....'.......
#..##..###.....###..#..
#..#.#.#.##....####.###
#......................
#......................


You could see Nergalle (slow) and a spectral orc warrior (summoned).

Vanquished Creatures
  A komodo dragon (Lair:1)
  A troll (D:8)
  8 yaks (Lair:1)
  2 steam dragons
  A water moccasin (D:5)
  An ice beast (D:6)
  An orc warrior (D:7)
  4 black bears
  A sky beast (D:7)
  An ogre (D:5)
  5 wolves (Lair:1)
  2 centaurs
  3 kobold brigands (Sewer)
  5 bullfrogs
  A scorpion (D:6)
  9 wights
  A howler monkey (D:8)
  4 jellies
  4 hounds
  2 orc priests
  3 iguanas
  A gnoll bouda (D:7)
  3 orc wizards
  4 gnolls (D:7)
  6 adders
  2 river rats (Sewer)
  A shadow imp (D:7)
  An ufetubus (D:6)
  7 worms
  A dart slug (D:5)
  12 orcs
  8 ball pythons
  10 endoplasms
  4 giant cockroaches
  13 goblins
  6 hobgoblins
  4 jackals
  17 kobolds
  4 quokkas
  8 bats
  15 rats
187 creatures vanquished.

Vanquished Creatures (others)
  4 fungi (Lair:1)
  10 plants (Lair:1)
14 creatures vanquished.

Grand Total: 201 creatures vanquished

Notes
Turn   | Place    | Note
-------+----------+-------------------------------------------
     0 | D:1      | RBrandon the Deep Elf Monk began the quest for the Orb.
     0 | D:1      | Reached XP level 1. HP: 13/13 MP: 3/3
   525 | D:1      | Reached XP level 2. HP: 13/18 MP: 4/4
  1292 | D:1      | Reached skill level 5 in Dodging
  1700 | D:1      | Reached XP level 3. HP: 20/22 MP: 5/5
  1835 | D:1      | Found a faded altar of an unknown god.
  1886 | D:1      | Prayed at the altar of an unknown god.
  1886 | D:1      | Became a worshipper of Zin the Law-Giver
  1886 | D:1      | Reached * piety under Zin
  1886 | D:1      | Reached ** piety under Zin
  1886 | D:1      | Reached *** piety under Zin
  2027 | D:2      | Noticed Sigmund
  2097 | D:1      | Reached skill level 1 in Invocations
  2421 | D:2      | Learned a level 1 spell: Slow
  2472 | D:1      | HP: 1/22 [jackal (3)]
  2641 | D:2      | Reached skill level 1 in Hexes
  2976 | D:2      | Reached XP level 4. HP: 27/27 MP: 7/7
  2985 | D:2      | Found a runed translucent door.
  2986 | D:2      | Noticed Crazy Yiuf
  3204 | D:3      | Found a shimmering altar of Xom.
  3204 | D:3      | Found a shimmering altar of Xom.
  3206 | D:3      | Found a shimmering altar of Xom.
  3206 | D:3      | Found a shimmering altar of Xom.
  3207 | D:3      | Found a shimmering altar of Xom.
  3207 | D:3      | Found a shimmering altar of Xom.
  3207 | D:3      | Found a shimmering altar of Xom.
  3949 | D:3      | Reached **** piety under Zin
  4054 | D:4      | Found a glowing drain.
  4090 | Sewer    | Entered a sewer
  4192 | Sewer    | Reached skill level 1 in Spellcasting
  4237 | Sewer    | Noticed a kobold brigand
  4266 | Sewer    | Killed a kobold brigand
  4267 | Sewer    | Reached XP level 5. HP: 12/31 MP: 6/12
  4274 | Sewer    | Learned a level 3 spell: Confusing Touch
  4770 | Sewer    | Reached skill level 5 in Hexes
  4770 | Sewer    | Reached XP level 6. HP: 32/36 MP: 8/13
  5559 | D:4      | Found a stormy altar of Qazlal.
  5647 | D:4      | You fall into a shaft and drop 3 floors!
  5769 | D:7      | Noticed a sky beast
  5802 | D:7      | Killed a sky beast
  5803 | D:7      | Reached XP level 7. HP: 34/40 MP: 9/14
  5921 | D:7      | Reached skill level 5 in Short Blades
  6175 | D:7      | Noticed a steam dragon
  6413 | D:7      | Noticed a steam dragon
  6448 | D:7      | Killed a steam dragon
  6518 | D:7      | Reached ***** piety under Zin
  6643 | D:5      | Entered Level 5 of the Dungeon
  6890 | D:5      | Reached skill level 5 in Invocations
  6890 | D:5      | Reached XP level 8. HP: 40/45 MP: 9/15
  6936 | D:5      | Found Omaj's Magic Scroll Boutique.
  6939 | D:5      | Bought a scroll of fear for 52 gold pieces
  6939 | D:5      | Bought a scroll of identify for 26 gold pieces
  6939 | D:5      | Bought a scroll of identify for 26 gold pieces
  6939 | D:5      | Bought a scroll of identify for 26 gold pieces
  6939 | D:5      | Bought a scroll of identify for 26 gold pieces
  7181 | D:5      | Got the Atlas of the Tempest and Blight
  7506 | D:5      | Found Heiwn's Jewellery Emporium.
  7901 | D:5      | Found Gotocam's Weapon Shoppe.
  7922 | D:5      | Bought 3 boomerangs of dispersal for 49 gold pieces
  8266 | D:6      | Found a staircase to the Ecumenical Temple.
  8398 | D:6      | Reached skill level 5 in Stealth
  8930 | D:7      | Identified the +2 sling of the Unliving {venom, Dex+2}
  8949 | D:7      | Identified the +11 dagger "Eloa" {vorpal, Fragile rF+ Str+6
                  | SInv}
  8962 | D:7      | Identified the +2 scale mail of Vacaaz {rElec rC++ rCorr
                  | Dex+4}
  9205 | D:7      | Reached XP level 9. HP: 49/49 MP: 16/16
  9515 | D:7      | Found a runed translucent door.
  9516 | D:7      | Noticed Newt's ghost (novice KoAM)
 10476 | D:8      | Noticed a troll
 10486 | D:8      | Killed a troll
 10538 | D:8      | Found a staircase to the Lair.
 10548 | D:8      | Found an opulent altar of Gozag.
 10850 | D:9      | Found Duxutoti's Antique Weapon Shop.
 10869 | Lair:1   | Entered Level 1 of the Lair of Beasts
 10987 | Lair:1   | Noticed a torpor snail
 11031 | Lair:1   | Reached skill level 1 in Armour
 11354 | Lair:1   | Reached XP level 10. HP: 16/54 MP: 17/17
 12168 | Lair:1   | Noticed Nergalle
 12183 | Lair:1   | Killed from afar by Nergalle

Illustrated notes

Levels and vault maps discovered:
D:1:      elethiomel_arrival_quiet, layout_basic,
          shapermc_ecumenical_altar_ellora
D:2:      layout_rooms, uniq_crazy_yiuf_cottage, uniq_sigmund
D:3:      layout_loops_corners, xom_redecorated
D:4:      layout_rooms, grunt_qazlal_sundering, portal_sewer_entry_c,
          chequers_mini_garden
D:5:      layout_gridville, serial_shops, shop_statue, nicolae_shop_waterfront,
          nicolae_shop_waterfront, minmay_a_box_with_orc_wizards_in_it
D:6:      layout_loops_cross, minmay_temple_entry_glass,
          nicolae_concentric_dashed_squares_mild
D:7:      layout_gridville, ebering_ghost_reflecting_pool, minmay_ruined_shrine
D:8:      layout_rooms, kennysheep_little_box, lair_entry_dummy
D:9:      layout_irregular_city, nicolae_overflow_hidden_temple, minitemple,
          serial_shops, nicolae_diamond_shop, hangedman_decor_lopped,
          kennysheep_another_room
Lair:1:   layout_regular_city, serial_bayou_shore_a, uniq_nergalle

Skill      XL: |  1  2  3  4  5  6  7  8  9 10 |
---------------+-------------------------------+-----
Dodging        | 4 5 7 9 |  9.1
Invocations    | 1 5 6 |  6.5
Hexes          | 1 3 5 6 9 |  9.0
Spellcasting   | 3 |  3.4
Short Blades   | 4 5 6 7 |  7.1
Stealth        | 6 |  6.7
Armour         | 3 4 |  4.1
Fighting       | |  2.4

Action                   |  1- 3 |  4- 6 |  7- 9 | 10-12 || total
-------------------------+-------+-------+-------+-------++-------
Melee: Short sword       |   160 |       |       |       ||   160
       Dagger            |    11 |   218 |   290 |    35 ||   554
       Punch             |       |     2 |     5 |     2 ||     9
Throw: Dart              |       |       |     7 |       ||     7
 Cast: Slow              |    10 |    27 |    25 |    10 ||    72
       Confusing Touch   |       |     8 |    45 |     3 ||    56
Invok: Vitalisation      |     2 |     3 |     2 |       ||     7
       Recite            |     1 |     3 |     9 |     1 ||    14
       Imprison          |       |       |     1 |       ||     1
  Use: Scroll            |     4 |       |    11 |       ||    15
       Potion            |     1 |     1 |       |     3 ||     5
 Stab: Sleeping          |     8 |     8 |     6 |       ||    22
       Confused          |       |     4 |    29 |     3 ||    36
       Invisible         |       |       |     2 |       ||     2
       Paralysed         |       |       |     1 |       ||     1
Armor: Robe              |    22 |       |       |       ||    22
       Leather armour    |    15 |    44 |     3 |       ||    62
       Steam dragon scal |       |       |    15 |       ||    15
       Scale mail        |       |       |    14 |    13 ||    27
Dodge: Dodged            |   140 |   104 |   100 |    25 ||   369

Table legend: (Time is in decaauts)
 A = Elapsed time spent in this place.
 B = Non-inter-level travel time spent in this place.
 C = Inter-level travel time spent in this place.
 D = Time resting spent in this place.
 E = Time spent auto-exploring this place.
 F = Levels seen in this place.
 G = Mean time per level.
                   A        B        C        D        E       F      G
               +--------+--------+--------+--------+--------+-----+--------+
         Total |  12213 |  11746 |    467 |   3092 |   5768 |  11 | 1110.3 |
       Dungeon |   9899 |   9433 |    466 |   2421 |   4791 |   9 | 1099.9 |
          Lair |    850 |    850 |      0 |    305 |    248 |   1 |  850.0 |
         Sewer |   1463 |   1463 |      0 |    366 |    729 |   1 | 1463.0 |
               +--------+--------+--------+--------+--------+-----+--------+

Top non-repeatable levels by time:
     D:1: 2416 daAuts
     D:7: 2134 daAuts
   Sewer: 1463 daAuts
     D:5: 1188 daAuts
     D:6: 1158 daAuts
     D:8: 937 daAuts
     D:3: 936 daAuts
  Lair:1: 850 daAuts
     D:2: 683 daAuts
     D:4: 429 daAuts
     D:9: 15 daAuts

Table legend:
 A = Kills in this place as a percentage of kills in entire the game.
 B = Kills by you in this place as a percentage of kills by you in the entire game.
 C = Kills by friends in this place as a percentage of kills by friends in the entire game.
 D = Other kills in this place as a percentage of other kills in the entire game.
 E = Experience gained in this place as a percentage of experience gained in the entire game.
 F = Experience gained in this place divided by the number of levels of this place that you have seen.
                   A       B       C       D       E      F
               +-------+-------+-------+-------+-------+----------------------
         Total | 100.0 | 100.0 |   N/A | 100.0 | 100.0 | 660.8
       Dungeon |  76.5 |  76.3 |   N/A | 100.0 |  56.8 | 458.7
          Lair |   8.6 |   8.6 |   N/A |   0.0 |  38.1 | 2766.0
         Sewer |  15.0 |  15.1 |   N/A |   0.0 |   5.2 | 375.0
               +-------+-------+-------+-------+-------+----------------------
